cohdb
Replays
Latest Replays
All Replays
Popular Replays
Top Player Replays
Match Explorer
How It Works
Community
CoH3 Stats
Reddit
Sign in to upload your games and track your stats! →
Sign in with Steam
Match 46174027
Unlisted
Match 46174027
Overview
Messages
Build Orders
End
Scout Squad
Selects Armored Battlegroup
Selects Veteran Crews
Construct Barracks
1⁄4-ton 4x4 Truck
Riflemen Squad
Riflemen Squad
Infantry Support Center
Construct Medical Station
Riflemen Squad
Selects Fast Deploy
Construct Motor Pool
M8 Greyhound Armored Car
Grenade Package
Engineer Squad
Riflemen Squad
Advanced Logistics
Riflemen Squad
Scout Squad
Selects M8 Scott SPG
Selects UNKNOWN (2160077)
Selects M31 Recovery Vehicle
M8 Scott SPG
Riflemen Squad
Engineer Squad
Selects War Machine
Construct Tank Depot
M4A1 Sherman Medium Tank
M1918 Browning Automatic Rifles
Riflemen Squad
M18 Hellcat Tank Destroyer
M1 Anti-tank Gun Team
Riflemen Squad
M4A1 Sherman Medium Tank
Riflemen Squad
Engineer Squad
M4A1 Sherman Medium Tank
Max1boy
ganxuezhao1
0
0
Comments
sign in to comment!
No comments posted yet!